Map: Newkirk Precinct TE (Void)

Players

Playa - Winner!

  • Race: Protoss Protoss
  • League: Grandmaster
  • Spawn Location: 5:00

Railgan

  • Race: Zerg Zerg
  • League: Grandmaster
  • Spawn Location: 7:00

VOD

Have the link to the VOD?

Description

Time

  • Played on: March 19, 2017, 3:44 p.m.
  • Length: 23:20
Show
View Real Time Build Order
Export as new Build Order

Playa Protoss - Winner!

Build Orders: Oracle Opening 

Get SALT Encoding   

  12  0:00  Probe (Chrono Boost)  
  13  0:11  Probe (Chrono Boost)  
  14  0:22  Pylon  
  14  0:24  Probe (Chrono Boost)  
  15  0:40  Gateway, Probe (Chrono Boost)  
  16  0:45  Assimilator  
  16  0:51  Probe (Chrono Boost)  
  17  0:59  Pylon  
  17  1:02  Probe (Chrono Boost)  
  18  1:12  Probe (Chrono Boost)  
  19  1:24  Zealot, Probe (Chrono Boost)  
  22  1:36  Probe (Chrono Boost)  
  23  1:49  Nexus  
  23  1:58  Cybernetics Core  
  23  2:04  Assimilator  
  23  2:06  Probe (Chrono Boost)  
  24  2:16  Zealot  
  24  2:17  Probe (Chrono Boost)  
  27  2:28  Probe (Chrono Boost)  
  26  2:38  Stargate  
  26  2:42  Mothership Core (Chrono Boost)  
  30  2:50  Pylon  
  30  3:02  Probe (Chrono Boost)  
  30  3:03  Probe (Chrono Boost)  
  31  3:13  Probe (Chrono Boost)  
  31  3:15  Probe (Chrono Boost)  
  31  3:17  Oracle  
  32  3:21  Forge  
  32  3:23  Probe (Chrono Boost)  
  32  3:25  Pylon  
  36  3:29  Probe (Chrono Boost)  
  36  3:34  Probe (Chrono Boost)  
  38  3:47  Void Ray  
  42  3:57  Photon Cannon  
  42  4:00  Probe x2 (Chrono Boost)  
  44  4:08  Pylon  
  44  4:12  Probe x2 (Chrono Boost)  
  46  4:17  Pylon  
  46  4:26  Void Ray  
  46  4:36  Probe x2 (Chrono Boost)  
  46  4:37  Robotics Facility  
  52  4:44  Assimilator  
  52  4:46  Probe (Chrono Boost)  
  52  4:48  Probe (Chrono Boost)  
  52  4:49  Assimilator  
  54  4:57  Probe (Chrono Boost)  
  56  5:00  Probe (Chrono Boost)  
  56  5:01  Nexus  
  56  5:05  Pylon  
  56  5:08  Probe (Chrono Boost)  
  56  5:12  Void Ray, Probe (Chrono Boost)  
  62  5:23  Probe (Chrono Boost)  
  62  5:26  Pylon  
  63  5:30  Observer, Robotics Bay  
  64  5:38  Photon Cannon  
  64  5:41  Pylon  
  64  5:42  Probe (Chrono Boost)  
  65  5:45  Probe (Chrono Boost)  
  66  5:52  Probe (Chrono Boost)  
  66  5:56  Probe (Chrono Boost)  
  68  6:03  Probe (Chrono Boost)  
  69  6:06  Stargate, Probe (Chrono Boost)  
  69  6:10  Void Ray  
  74  6:12  Disruptor  
  74  6:14  Probe (Chrono Boost)  
  74  6:17  Probe (Chrono Boost)  
  79  6:22  Probe (Chrono Boost)  
  79  6:23  Assimilator  
  81  6:26  Probe (Chrono Boost)  
  81  6:28  Assimilator  
  81  6:31  Fleet Beacon, Probe (Chrono Boost)  
  82  6:35  Probe (Chrono Boost)  
  84  6:40  Probe (Chrono Boost)  
  84  6:42  Probe (Chrono Boost)  
  84  6:43  Disruptor  
  84  6:46  Probe (Chrono Boost)  
  85  6:47  Photon Cannon  
  85  6:53  Photon Cannon  
  84  7:06  Probe x2 (Chrono Boost)  
  84  7:07  Photon Cannon  
  86  7:08  Pylon  
  86  7:13  Carrier  
  86  7:14  Disruptor, Probe (Chrono Boost)  
  86  7:15  Pylon  
  96  7:25  Probe (Chrono Boost)  
  96  7:27  Probe (Chrono Boost)  
  96  7:28  Carrier  
  98  7:30  Photon Cannon  
  98  7:31  Probe (Chrono Boost)  
  98  7:36  Photon Cannon  
  106  7:37  Probe (Chrono Boost)  
  107  7:44  Probe (Chrono Boost)  
  107  7:46  Photon Cannon  
  107  7:50  Colossus  
  107  7:57  Probe (Chrono Boost)  
  113  8:07  Probe (Chrono Boost)  
  113  8:08  Probe (Chrono Boost)  
  116  8:13  Stargate, Probe (Chrono Boost)  
  116  8:14  Pylon  
  116  8:18  Pylon  
  116  8:19  Pylon  
  117  8:21  Probe (Chrono Boost)  
  117  8:24  Pylon x2  
  117  8:30  Stargate  
  117  8:31  Carrier  
  117  8:32  Pylon  
  117  8:33  Protoss Air Weapons Level 1  
  117  8:34  Graviton Catapult, Probe (Chrono Boost)  
  118  8:41  Photon Cannon  
  118  8:46  Nexus  
  124  8:49  Pylon  
  124  8:51  Observer, Void Ray  
  125  9:01  Void Ray  
  133  9:05  Pylon  
  133  9:09  Probe x2 (Chrono Boost)  
  135  9:18  Photon Cannon  
  135  9:22  Carrier  
  141  9:27  Photon Cannon  
  141  9:33  Probe (Chrono Boost)  
  141  9:37  Void Ray, Photon Cannon  
  146  9:48  Probe (Chrono Boost)  
  146  9:49  Photon Cannon  
  147  9:54  Photon Cannon, Probe (Chrono Boost)  
  147  9:55  Void Ray, Photon Cannon, Probe (Chrono Boost)  
  147  9:56  Carrier  
  159  10:10  Photon Cannon  
  159  10:12  Photon Cannon  
  159  10:13  Assimilator  
  159  10:17  Carrier, Probe (Chrono Boost)  
  159  10:18  Photon Cannon  
  159  10:20  Pylon  
  160  10:22  Assimilator  
  160  10:27  Protoss Air Armor Level 1  
  160  10:35  Carrier  
  166  10:44  Gateway  
  166  10:47  Probe (Chrono Boost)  
  166  10:49  Void Ray  
  177  10:58  Stargate  
  183  11:13  Nexus  
  183  11:17  Pylon  
  183  11:19  Pylon  
  183  11:25  Void Ray  
  184  11:34  Oracle  
  184  11:36  Photon Cannon  
  184  11:37  Gateway  
  187  11:40  Void Ray  
  187  11:41  Photon Cannon  
  187  11:42  Cybernetics Core  
  187  11:43  Photon Cannon  
  187  11:44  Twilight Council  
  191  11:47  Photon Cannon  
  191  11:48  Photon Cannon  
  191  11:49  Void Ray  
  195  11:54  Photon Cannon  
  195  11:59  Void Ray  
  195  12:03  Photon Cannon  
  195  12:06  Warp Gate  
  199  12:23  Pylon, Assimilator  
  199  12:28  Assimilator  
  198  12:46  Dark Shrine  
  198  12:48  Protoss Air Weapons Level 2  
  196  12:53  Gateway  
  196  12:56  Photon Cannon  
  196  12:57  Photon Cannon  
  196  13:05  Robotics Facility  
  192  13:18  Carrier  
  189  13:24  Void Ray  
  199  13:40  Photon Cannon x2  
  199  13:44  Photon Cannon  
  199  13:57  Gateway  
  199  13:59  Nexus  
  199  14:02  Gateway  
  199  14:07  Photon Cannon  
  199  14:13  Photon Cannon  
  199  14:14  Pylon  
  199  14:15  Photon Cannon  
  199  14:23  Pylon  
  195  14:31  Carrier  
  195  14:34  Pylon  
  194  14:39  Pylon  
  194  14:40  Photon Cannon  
  199  15:04  Photon Cannon  
  199  15:05  Pylon  
  199  15:06  Gateway  
  199  15:09  Photon Cannon  
  199  15:19  Nexus  
  196  15:21  Pylon  
  196  15:24  Void Ray  
  197  15:30  Pylon  
  197  15:34  Protoss Air Weapons Level 3  
  197  15:35  Void Ray  
  197  15:41  Photon Cannon  
  195  15:44  Photon Cannon  
  195  15:46  Photon Cannon  
  195  15:49  Photon Cannon  
  195  15:52  Assimilator  
  195  15:54  Dark Templar x2  
  195  15:57  Photon Cannon, Assimilator  
  199  15:58  Pylon  
  199  16:02  Archon  
  199  16:08  Photon Cannon  
  199  16:10  Photon Cannon  
  199  16:12  Pylon  
  199  16:35  Void Ray  
  198  16:48  Dark Templar  
  200  16:55  Assimilator  
  200  17:15  Photon Cannon  
  200  17:17  Photon Cannon  
  200  17:19  Protoss Shields Level 1, Photon Cannon  
  200  17:22  Pylon  
  200  17:43  Photon Cannon  
  200  17:50  Dark Templar  
  200  18:02  Void Ray  
  200  18:04  Void Ray  
  200  18:12  Void Ray, Dark Templar  
  196  18:13  Dark Templar  
  196  18:16  Archon  
  200  18:22  Photon Cannon  
  200  18:23  Pylon  
  200  18:24  Photon Cannon  
  197  18:44  Dark Templar  
  199  18:51  Photon Cannon  
  199  18:53  Nexus, Photon Cannon  
  199  18:54  Pylon  
  199  18:55  Pylon  
  199  18:58  Pylon  
  199  19:00  Dark Templar  
  200  19:03  Protoss Air Armor Level 2  
  200  19:07  Archon  
  200  19:18  Photon Cannon  
  200  19:21  Void Ray, Photon Cannon  
  200  19:23  Photon Cannon  
  192  19:26  Photon Cannon  
  192  19:27  Dark Templar x2  
  200  19:32  Archon  
  200  19:36  Photon Cannon  
  200  19:39  Pylon  
  200  19:42  Photon Cannon  
  198  19:48  Dark Templar x3  
  198  19:49  Mothership Core (Chrono Boost)  
  198  19:50  Photon Cannon  
  200  19:53  Void Ray  
  198  20:04  Archon  
  198  20:11  Assimilator  
  198  20:12  Assimilator  
  198  20:13  Photon Cannon  
  198  20:15  Photon Cannon  
  198  20:17  Photon Cannon  
  198  20:24  Photon Cannon  
  198  20:27  Photon Cannon  
  198  20:35  Observer  
  199  21:00  Void Ray  
  199  21:16  Dark Templar  
  200  21:20  Archon  
  200  21:25  Stargate  
  200  21:27  Stargate  
  196  21:35  Void Ray  
  185  21:40  Carrier  
  185  21:41  Carrier  
  185  21:42  Dark Templar x2  
  179  21:51  Carrier  
  179  21:52  Void Ray  
  177  22:05  Probe (Chrono Boost)  
  168  22:08  Dark Templar  
  168  22:09  Dark Templar x3  
  168  22:12  Void Ray  
  168  22:14  Archon x3  
  176  22:16  Disruptor x2  
  176  22:20  Void Ray  
  196  22:35  Void Ray  
  196  22:42  Dark Templar x2  
Show
View Real Time Build Order
Export as new Build Order

Railgan Zerg 

Build Orders: Hatch First 

Get SALT Encoding   

  12  0:01  Drone  
  13  0:13  Overlord  
  13  0:19  Drone  
  14  0:31  Drone  
  14  0:32  Drone  
  14  0:35  Drone  
  17  0:54  Hatchery  
  17  0:56  Drone  
  17  1:00  Drone  
  18  1:11  Extractor  
  17  1:18  Spawning Pool  
  17  1:19  Drone  
  17  1:22  Drone  
  18  1:28  Drone  
  19  1:46  Overlord  
  19  2:05  Zergling x2, Queen  
  19  2:06  Zergling x2, Queen  
  19  2:07  Zergling x2  
  26  2:12  Zergling x2  
  27  2:16  Metabolic Boost  
  27  2:19  Drone  
  28  2:31  Drone  
  28  2:35  Drone x2  
  30  2:39  Overlord  
  30  2:42  Queen  
  32  2:50  Evolution Chamber  
  31  2:55  Queen  
  33  3:00  Drone  
  33  3:03  Drone  
  35  3:08  Drone  
  35  3:11  Drone x2  
  38  3:17  Zerg Melee Weapons Level 1  
  38  3:22  Drone  
  38  3:26  Overlord  
  39  3:27  Drone  
  40  3:35  Zergling x2  
  40  3:39  Drone x2  
  43  3:44  Zergling x4  
  43  3:45  Zergling x2  
  43  3:49  Drone  
  43  3:52  Drone x2  
  43  3:53  Overlord  
  46  3:58  Drone x2  
  48  4:03  Lair  
  48  4:06  Extractor x2  
  48  4:09  Drone x2  
  48  4:22  Drone x2  
  50  4:32  Drone x2  
  50  4:34  Spore Crawler  
  50  4:35  Spore Crawler  
  50  4:37  Drone  
  51  4:41  Overlord  
  51  4:42  Drone  
  48  4:47  Drone x2, Hatchery  
  48  4:51  Overlord  
  49  5:00  Queen  
  51  5:07  Hydralisk Den, Queen  
  51  5:14  Extractor, Drone  
  53  5:15  Drone  
  53  5:16  Drone x2  
  55  5:27  Zerg Ground Armor Level 1  
  55  5:28  Drone  
  56  5:30  Evolution Chamber  
  56  5:32  Zergling x8  
  59  5:40  Muscular Augments  
  59  5:44  Overlord  
  59  5:51  Overlord, Overseer  
  59  6:03  Hydralisk x5  
  69  6:05  Extractor  
  68  6:19  Hydralisk  
  68  6:20  Hydralisk x3  
  68  6:24  Drone  
  77  6:26  Hydralisk x2  
  77  6:30  Zerg Missile Weapons Level 1  
  81  6:35  Overlord  
  81  6:40  Overlord  
  81  6:41  Overlord  
  81  6:42  Drone  
  82  6:51  Overlord  
  82  7:00  Hydralisk x4  
  90  7:06  Drone  
  84  7:26  Drone x7  
  84  7:27  Drone x2  
  84  7:29  Hydralisk x2  
  97  7:33  Zerg Ground Armor Level 2  
  96  7:44  Drone x2  
  94  7:45  Drone  
  94  7:46  Hydralisk x3  
  94  7:49  Drone  
  94  7:50  Drone x2  
  104  7:52  Overlord  
  104  7:56  Hydralisk  
  104  7:57  Overlord  
  100  8:11  Infestation Pit  
  100  8:12  Zergling x8  
  103  8:18  Drone x4  
  103  8:19  Drone  
  108  8:21  Zergling x2  
  108  8:23  Extractor  
  108  8:24  Extractor, Drone, Hatchery  
  108  8:25  Overseer  
  107  8:27  Zerg Missile Weapons Level 2  
  107  8:28  Drone  
  108  8:34  Drone  
  108  8:35  Pneumatized Carapace  
  108  8:36  Drone x2  
  111  8:45  Drone x2  
  111  8:47  Drone  
  114  8:50  Hatchery  
  113  8:56  Hive  
  113  9:07  Drone  
  113  9:08  Zergling x2  
  113  9:09  Drone x2  
  117  9:10  Drone x5  
  117  9:11  Overlord  
  117  9:12  Overlord x2  
  117  9:15  Overlord  
  122  9:20  Overlord  
  122  9:23  Overlord  
  122  9:25  Overlord  
  122  9:30  Overlord  
  122  9:34  Hydralisk x5  
  132  9:41  Drone x4  
  132  9:45  Overlord  
  135  9:48  Overlord  
  135  9:49  Overseer  
  135  10:04  Pathogen Glands  
  135  10:05  Burrow  
  133  10:11  Zergling x2  
  133  10:12  Zergling x18  
  155  10:18  Drone  
  155  10:20  Extractor x2, Ultralisk Cavern  
  153  10:25  Zergling x16  
  150  10:39  Zergling x6  
  150  10:40  Overlord  
  150  10:42  Viper x3  
  151  10:43  Viper, Zerg Melee Weapons Level 2  
  151  10:44  Zergling x2  
  151  10:45  Zergling x4  
  166  10:55  Zerg Missile Weapons Level 3  
  166  10:56  Zergling x12  
  172  10:57  Overlord  
  172  11:01  Neural Parasite  
  171  11:12  Ultralisk  
  171  11:13  Chitinous Plating  
  171  11:14  Ultralisk  
  171  11:18  Zergling x12  
  184  11:19  Zergling x12  
  195  11:38  Spire  
  194  11:44  Hatchery  
  193  11:51  Overlord  
  193  11:52  Overlord, Overseer x3  
  193  12:22  Adrenal Glands, Zergling x2  
  194  12:23  Zergling x10  
  194  12:28  Zergling x4  
  199  12:35  Zergling x2  
  199  12:36  Zergling x10  
  199  12:47  Hydralisk  
  177  13:13  Hydralisk x8  
  177  13:15  Corruptor x2  
  177  13:16  Corruptor x5  
  192  13:20  Corruptor x4  
  192  13:22  Zergling x2  
  192  13:25  Zerg Flyer Weapons Level 1  
  195  13:28  Corruptor x2  
  193  13:36  Corruptor  
  193  13:37  Corruptor x3  
  193  13:39  Hydralisk x2  
  199  13:47  Overlord  
  199  13:49  Zerg Melee Weapons Level 3  
  199  13:51  Zergling x2  
  200  13:58  Extractor  
  200  14:00  Extractor  
  198  14:04  Zergling x4  
  195  14:40  Zergling x4  
  195  14:41  Zergling x2  
  187  15:05  Hydralisk x5  
  187  15:06  Hydralisk x4  
  199  15:13  Zerg Ground Armor Level 3, Spire  
  199  15:14  Hatchery  
  197  15:15  Hatchery  
  197  15:19  Zerg Flyer Armor Level 1  
  188  15:43  Ultralisk x2  
  200  16:03  Overseer x2  
  182  16:43  Overlord  
  182  16:44  Overlord x2  
  182  16:45  Overlord x2  
  182  16:47  Overlord  
  182  16:48  Overlord  
  182  16:51  Zerg Flyer Weapons Level 2  
  182  16:57  Overseer x2  
  176  17:12  Corruptor x3, Ultralisk x3  
  200  17:16  Hatchery  
  195  17:39  Overseer x3  
  189  17:51  Corruptor  
  189  17:52  Corruptor x4  
  189  17:53  Zergling x2  
  198  18:00  Spine Crawler, Spore Crawler  
  198  18:02  Spore Crawler  
  193  18:18  Corruptor  
  193  18:19  Zerg Flyer Armor Level 2  
  195  18:22  Drone x2, Zergling x4  
  195  18:23  Drone  
  195  18:25  Extractor  
  195  18:26  Extractor  
  198  18:28  Zergling x2  
  198  18:31  Spine Crawler  
  198  18:33  Spine Crawler  
  196  18:46  Corruptor x2  
  200  19:08  Spore Crawler  
  198  19:29  Viper x3  
  189  19:31  Ultralisk  
  189  19:33  Zergling x10  
  150  19:54  Hydralisk x8  
  164  20:01  Ultralisk  
  164  20:03  Hydralisk  
  164  20:06  Drone  
  164  20:07  Extractor, Drone x2  
  169  20:09  Drone x3  
  169  20:13  Drone x5  
  176  20:18  Overlord x2  
  176  20:28  Queen x2  
  176  20:29  Overlord x3  
  176  20:30  Overlord  
  180  20:36  Queen  
  192  20:50  Hatchery, Ultralisk x2  
  192  20:51  Viper x3  
  200  21:31  Hatchery  
  130  21:49  Hydralisk x3  
  130  21:50  Hydralisk x10  
  126  21:59  Hydralisk  
  126  22:00  Hydralisk  
  110  22:03  Hydralisk  
  110  22:07  Hydralisk  
  96  22:10  Hydralisk  
  96  22:14  Hydralisk  
  100  22:19  Infestor  
  100  22:20  Infestor  
  104  22:24  Infestor  
  102  22:35  Infestor  
  101  22:42  Overseer  
  101  22:47  Hatchery  
  100  22:53  Hydralisk x4  
Tags
 
Add a new tag
Caveats
  • Supply blocks, unpowered buildings, or Contaminate may cause inaccurate times.
  • Supply counts are checked every 10 seconds.